 Dungeon Crawl Stone Soup version 0.29.1-15-g9cfb28693d (webtiles) character file.

Game seed: 2236474146846799861

92 booth the Trooper (level 4, -5/29 HPs)
             Began as a Gargoyle Monk on Mar 9, 2023.
             Slain by an iguana (12 damage)
             ... on level 4 of the Dungeon.
             The game lasted 00:09:43 (2610 turns).

booth the Trooper (Gargoyle Monk)                   Turns: 2610, Time: 00:09:44

Health: -5/29      AC:  5    Str: 17    XL:     4   Next: 60%
Magic:  4/4        EV: 12    Int: 10    God:
Gold:   82         SH:  0    Dex: 12    Spells: 3/3 levels left

rFire   . . .      SeeInvis .   a - +0 mace
rCold   . . .      Faith    .   (no shield)
rNeg    + . .      Spirit   .   b - +0 robe
rPois   ∞          Reflect  .   (no helmet)
rElec   +          Harm     .   (no cloak)
rCorr   .          Rampage  .   (no gloves)
Will    .....                   (no boots)
Stlth   ++........              (no amulet)
HPRegen 0.09/turn               d - +4 ring of slaying
MPRegen 0.09/turn               (no ring)

@: no status effects
A: sickness immunity, AC +3, negative energy resistance 1, electricity
resistance, torment resistance 1, petrification resistance
a: no special abilities


You were on level 4 of the Dungeon.
You visited 1 branch of the dungeon, and saw 4 of its levels.

You collected 82 gold pieces.

Inventory:

Hand Weapons
 a - a +0 mace (weapon)
 f - a +0 war axe
Missiles
 i - 5 poisoned darts (quivered)
Armour
 b - a +0 robe (worn)
Jewellery
 d - a +4 ring of slaying (left hand)
 e - a ring of fire
Scrolls
 g - a scroll of magic mapping
 j - a scroll of amnesia {unknown}
Potions
 c - 2 potions of ambrosia


   Skills:
 + Level 3.9 Fighting
 * Level 3.9 Maces & Flails
 + Level 2.9 Dodging
 + Level 3.1 Stealth


You had 3 spell levels left.
You didn't know any spells.
Your spell library contained the following spells:

 Spells                   Type           Power      Damage    Failure   Level
 Dazzling Flash           Conj/Hex       0%         N/A       75%         3
 Iskenderun's Mystic Bla  Conj/Tloc      0%         2d3       98%         4
 Starburst                Conj/Fire      0%         6d3       100%        6


Dungeon Overview and Level Annotations

Branches:
Dungeon (4/15)
 Temple: D:4-7

Altars:
Fedhas


Innate Abilities, Weirdness & Mutations

You are immune to sickness and miasma.
Your stone body is resilient. (AC +3)
You are immune to poison.
You resist negative energy. (rN+)
You are resistant to electric shocks. (rElec)
You are resistant to unholy torment.
You are immune to petrification.


Message History

The orc hits you with a +0 flail.
You hit the orc but do no damage.
The orc is lightly wounded.
The orc closely misses you. The orc barely misses you.
You thump the orc!
You kill the orc!
You completely miss the orc. The orc misses you.
You hit the orc but do no damage. The orc hits you with a +0 flail!
* * * LOW HITPOINT WARNING * * *
Blink to where?
Press: ? - help, Dir - move target
As you read the scroll labelled OTEZIVO CAEFU, it crumbles to dust.
It was a scroll of blinking.
Things that are here:
a +0 short sword; a kobold corpse You see here a fuming white potion.
Found a stone staircase leading down.
Found a short wooden wand.
There is a stone staircase leading down here.
You climb downwards.
Found 11 gold pieces.
There is a stone staircase leading up here.
You start resting.
An iguana comes into view.
An iguana is nearby!
The iguana hisses angrily.
You are too injured to fight recklessly!
You are too injured to fight recklessly!
You are too injured to fight recklessly!
You are too injured to fight recklessly!
You are too injured to fight recklessly!
You hit the iguana but do no damage.
An adder comes into view.
The iguana bites you.
* * * LOW HITPOINT WARNING * * *
You closely miss the iguana. The iguana barely misses you.
You hit the iguana.
The iguana is moderately wounded.
The iguana bites you!
You die...

.........#
.........#
.........#
.......######
............
#.......#
..###.......###
#......@.......
#.......l......
#...........$..
#.###.......$..
# #..........
######.....
..... .....


You could see an iguana.

Vanquished Creatures
  Natasha (D:3)
  3 adders (D:2)
  A worm (D:3)
  2 orcs (D:3)
  3 endoplasms
  A giant cockroach (D:3)
  7 goblins
  2 hobgoblins
  2 quokkas
  3 ball pythons
  5 bats
  A frilled lizard (D:1)
  3 kobolds
  A rat (D:2)
35 creatures vanquished.

Vanquished Creatures (others)
  3 plants (D:2)
3 creatures vanquished.

Grand Total: 38 creatures vanquished

Notes
Turn   | Place    | Note
-------+----------+-------------------------------------------
     0 | D:1      | booth the Gargoyle Monk began the quest for the Orb.
     0 | D:1      | Reached XP level 1. HP: 14/14 MP: 1/1
   634 | D:1      | Reached XP level 2. HP: 19/19 MP: 2/2
   978 | D:1      | Found a faded altar of an unknown god.
  1799 | D:2      | Reached XP level 3. HP: 15/23 MP: 3/3
  1923 | D:2      | Found a blossoming altar of Fedhas.
  2160 | D:3      | Noticed Natasha
  2174 | D:3      | Killed Natasha
  2175 | D:3      | Reached XP level 4. HP: 11/29 MP: 4/4
  2610 | D:4      | Slain by an iguana

Illustrated notes

Levels and vault maps discovered:
D:1:      spicycebolla_arrival_clurvy, layout_loops_ring,
          chequers_ecumenical_altar_grove, chequers_avenue
D:2:      layout_basic, basic_altar, serial_bayou_crossing
D:3:      layout_basic, nicolae_titane, uniq_natasha
D:4:      layout_basic, minmay_temple_entry_trees, gammafunk_ghost_smash,
          minmay_misc_feat_alley

Skill      XL: |  1  2  3 |
---------------+----------+-----
Stealth        | 3 |  3.1
Fighting       | |  3.9
Maces & Flails | |  3.9
Dodging        | |  2.9

Action                   |  1- 3 |  4- 6 || total
-------------------------+-------+-------++-------
Melee: Mace              |   102 |    26 ||   128
       Punch             |     2 |       ||     2
  Use: Potion            |     4 |       ||     4
       Scroll            |     2 |     2 ||     4
Armor: Robe              |    33 |     3 ||    36
Dodge: Dodged            |    65 |    10 ||    75
